[ PARTIDA AOE2 · #507865182 ]
UnrankedGodos vs Bohemians
Equipo del jugador · DERR
Equipo rival · VICT
[ ANÁLISIS DE REPETICIÓN · EXTRAÍDO DE LA PARTIDA GRABADA ]
Feudal
10:09
Castillos
25:04
Imperial
—
| APM promedio | 42.1 |
| APM pico | 74 |
| eAPM promedio | 16.5 |
| Aldeanos / militares | 43 / 52 |
Foco
⚔️ 44.1% · 🌾 55.9%
Skirmisher ×27 · Militia ×20 · Archer ×4 · Spearman ×1
Feudal
8:58
Castillos
22:15
Imperial
—
| APM promedio | 77.5 |
| APM pico | 124 |
| eAPM promedio | 31.2 |
| Aldeanos / militares | 90 / 59 |
Foco
⚔️ 51.8% · 🌾 48.2%
Archer ×59
Mapa de la partida
Recursos iniciales + cada clic de construcción. Líneas = muros · curvas = relieve. ◆ oro · ⬟ piedra · ● bayas · ✦ reliquia · ◌ hueco del cierre
Tu base· Abierta — hueco de 6t
Base de DS_Prodan· Abierta — hueco de 6t
Terreno inicial suavizado · ◌ = hueco del cierre detectado · pasá el cursor para detalles
Inputs por minuto
— Marbas - - DS_Prodan
Build order — Marbas
Primeras 150 de 163 acciones detectadas
| 0:01 | Encolar | Villager (Male) |
| 0:01 | Encolar | Villager (Male) |
| 0:01 | Encolar | Villager (Male) |
| 0:02 | Construir | House |
| 0:03 | Construir | House |
| 0:24 | Encolar | Villager (Male) |
| 0:25 | Encolar | Villager (Male) |
| 1:31 | Encolar | Villager (Male) |
| 2:01 | Construir | Lumber Camp |
| 2:08 | Encolar | Villager (Male) |
| 2:27 | Encolar | Villager (Male) |
| 2:54 | Encolar | Villager (Male) |
| 3:23 | Encolar | Villager (Male) |
| 3:24 | Encolar | Villager (Male) |
| 3:43 | Construir | House |
| 4:18 | Encolar | Villager (Male) |
| 4:18 | Encolar | Villager (Male) |
| 4:19 | Construir | House |
| 5:03 | Encolar | Villager (Male) |
| 5:03 | Encolar | Villager (Male) |
| 5:19 | Construir | Barracks |
| 5:44 | Construir | House |
| 5:49 | Encolar | Villager (Male) |
| 6:12 | Encolar | Militia |
| 6:26 | Investigar | Loom |
| 6:27 | Encolar | Villager (Male) |
| 6:38 | Construir | House |
| 6:39 | Encolar | Militia |
| 7:07 | Encolar | Villager (Male) |
| 7:13 | Construir | Mining Camp |
| 7:15 | Encolar | Militia |
| 7:26 | Encolar | Villager (Male) |
| 7:57 | Encolar | Villager (Male) |
| 7:59 | Investigar | Feudal Age |
| 8:20 | Encolar | Militia |
| 9:54 | Encolar | Villager (Male) |
| 10:09 | Edad | Edad Feudal |
| 10:14 | Construir | Blacksmith |
| 10:16 | Investigar | Double-Bit Axe |
| 10:35 | Investigar | Man-at-Arms (upgrade) |
| 10:47 | Encolar | Villager (Male) |
| 10:51 | Construir | Mill |
| 11:54 | Construir | Archery Range |
| 11:58 | Encolar | Villager (Male) |
| 11:58 | Encolar | Villager (Male) |
| 12:03 | Construir | House |
| 12:03 | Construir | House |
| 12:05 | Construir | Palisade Wall |
| 12:14 | Investigar | Fletching |
| 12:21 | Encolar | Militia |
| 13:05 | Encolar | Skirmisher |
| 13:08 | Encolar | Militia |
| 13:10 | Encolar | Villager (Male) |
| 13:11 | Encolar | Villager (Male) |
| 13:17 | Construir | Farm |
| 13:17 | Construir | Farm |
| 13:17 | Construir | Farm |
| 13:17 | Construir | Farm |
| 13:17 | Construir | Farm |
| 13:39 | Construir | Palisade Wall |
| 13:48 | Encolar | Militia |
| 13:51 | Encolar | Skirmisher |
| 14:29 | Encolar | Villager (Male) |
| 14:30 | Encolar | Militia |
| 14:31 | Encolar | Skirmisher |
| 14:48 | Construir | Farm |
| 14:50 | Construir | Farm |
| 14:50 | Construir | Farm |
| 14:50 | Construir | Farm |
| 14:54 | Encolar | Militia |
| 15:13 | Encolar | Militia |
| 15:15 | Encolar | Skirmisher |
| 15:23 | Construir | Farm |
| 15:56 | Construir | House |
| 15:57 | Construir | House |
| 16:01 | Encolar | Archer |
| 16:02 | Encolar | Archer |
| 16:04 | Encolar | Villager (Male) |
| 16:05 | Investigar | Scale Mail Armor |
| 16:49 | Encolar | Militia |
| 16:50 | Encolar | Skirmisher |
| 17:09 | Encolar | Villager (Male) |
| 17:16 | Construir | Farm |
| 17:30 | Encolar | Archer |
| 17:31 | Encolar | Militia |
| 17:52 | Encolar | Militia |
| 17:53 | Encolar | Skirmisher |
| 17:54 | Encolar | Villager (Male) |
| 17:56 | Construir | Farm |
| 18:42 | Encolar | Skirmisher |
| 18:43 | Encolar | Militia |
| 18:46 | Construir | Farm |
| 18:51 | Construir | House |
| 18:52 | Construir | House |
| 18:54 | Encolar | Militia |
| 18:55 | Encolar | Villager (Male) |
| 18:56 | Encolar | Villager (Male) |
| 19:16 | Encolar | Skirmisher |
| 19:24 | Investigar | Padded Archer Armor |
| 19:25 | Encolar | Militia |
| 19:45 | Encolar | Spearman |
| 19:47 | Encolar | Militia |
| 19:48 | Construir | Farm |
| 19:50 | Encolar | Skirmisher |
| 19:56 | Investigar | Horse Collar |
| 19:57 | Construir | Farm |
| 19:58 | Encolar | Villager (Male) |
| 19:58 | Encolar | Villager (Male) |
| 20:39 | Encolar | Skirmisher |
| 20:39 | Encolar | Militia |
| 20:41 | Construir | Farm |
| 20:44 | Encolar | Villager (Male) |
| 21:16 | Encolar | Villager (Male) |
| 21:21 | Construir | Market |
| 21:23 | Construir | Farm |
| 21:24 | Construir | Farm |
| 21:26 | Encolar | Villager (Male) |
| 21:37 | Encolar | Archer |
| 21:38 | Encolar | Militia |
| 21:57 | Construir | Farm |
| 22:24 | Investigar | Castle Age |
| 22:34 | Encolar | Militia |
| 22:35 | Encolar | Skirmisher |
| 22:35 | Encolar | Skirmisher |
| 22:59 | Construir | Lumber Camp |
| 23:20 | Encolar | Skirmisher |
| 23:29 | Construir | House |
| 23:31 | Construir | House |
| 23:35 | Construir | House |
| 23:35 | Construir | House |
| 24:02 | Encolar | Skirmisher |
| 24:02 | Encolar | Skirmisher |
| 24:18 | Construir | Archery Range |
| 24:34 | Encolar | Skirmisher |
| 24:34 | Encolar | Skirmisher |
| 25:04 | Edad | Edad de los Castillos |
| 25:13 | Construir | Palisade Wall |
| 25:18 | Investigar | Leather Archer Armor |
| 25:29 | Investigar | Elite Skirmisher (upgrade) |
| 25:30 | Investigar | Bodkin Arrow |
| 25:41 | Encolar | Skirmisher |
| 25:41 | Encolar | Skirmisher |
| 26:19 | Encolar | Villager (Male) |
| 26:19 | Encolar | Villager (Male) |
| 26:38 | Encolar | Skirmisher |
| 26:39 | Encolar | Skirmisher |
| 26:39 | Encolar | Skirmisher |
| 26:45 | Construir | Palisade Wall |
| 26:53 | Construir | Farm |
| 26:55 | Construir | Farm |
Build order — DS_Prodan
Primeras 150 de 233 acciones detectadas
| 0:01 | Encolar | Villager (Male) |
| 0:01 | Encolar | Villager (Male) |
| 0:01 | Encolar | Villager (Male) |
| 0:02 | Encolar | Villager (Male) |
| 0:02 | Encolar | Villager (Male) |
| 0:03 | Construir | House |
| 0:05 | Construir | House |
| 1:30 | Encolar | Villager (Male) |
| 1:30 | Encolar | Villager (Male) |
| 1:46 | Encolar | Villager (Male) |
| 1:46 | Encolar | Villager (Male) |
| 1:52 | Construir | Lumber Camp |
| 2:08 | Encolar | Villager (Male) |
| 2:31 | Encolar | Villager (Male) |
| 2:32 | Encolar | Villager (Male) |
| 2:55 | Encolar | Villager (Male) |
| 2:55 | Encolar | Villager (Male) |
| 3:21 | Encolar | Villager (Male) |
| 3:21 | Encolar | Villager (Male) |
| 3:58 | Construir | House |
| 4:15 | Encolar | Villager (Male) |
| 4:15 | Encolar | Villager (Male) |
| 4:15 | Encolar | Villager (Male) |
| 4:54 | Encolar | Villager (Male) |
| 4:54 | Encolar | Villager (Male) |
| 5:36 | Construir | Barracks |
| 6:00 | Investigar | Loom |
| 6:15 | Construir | House |
| 6:16 | Construir | House |
| 6:48 | Investigar | Feudal Age |
| 7:06 | Construir | House |
| 7:22 | Construir | Palisade Wall |
| 7:42 | Construir | Palisade Wall |
| 7:45 | Encolar | Villager (Male) |
| 7:48 | Construir | Palisade Wall |
| 7:49 | Construir | Palisade Wall |
| 7:58 | Encolar | Villager (Male) |
| 8:20 | Construir | Mill |
| 8:23 | Construir | Palisade Wall |
| 8:31 | Encolar | Villager (Male) |
| 8:36 | Construir | Palisade Wall |
| 8:40 | Encolar | Villager (Male) |
| 8:41 | Encolar | Villager (Male) |
| 8:45 | Construir | Palisade Wall |
| 8:48 | Construir | Palisade Wall |
| 8:57 | Encolar | Villager (Male) |
| 8:58 | Edad | Edad Feudal |
| 9:02 | Encolar | Villager (Male) |
| 9:16 | Encolar | Villager (Male) |
| 9:25 | Construir | Archery Range |
| 9:38 | Encolar | Villager (Male) |
| 9:50 | Encolar | Villager (Male) |
| 10:03 | Encolar | Villager (Male) |
| 10:06 | Construir | Palisade Wall |
| 10:19 | Construir | House |
| 10:21 | Encolar | Archer |
| 10:36 | Construir | Blacksmith |
| 10:50 | Construir | House |
| 11:03 | Encolar | Villager (Male) |
| 11:11 | Encolar | Villager (Male) |
| 11:15 | Construir | Palisade Gate |
| 11:17 | Construir | Palisade Gate |
| 11:20 | Construir | House |
| 11:23 | Construir | Palisade Gate |
| 11:36 | Encolar | Villager (Male) |
| 11:40 | Construir | House |
| 12:04 | Construir | Mining Camp |
| 12:09 | Encolar | Villager (Male) |
| 12:26 | Investigar | Double-Bit Axe |
| 12:27 | Investigar | Horse Collar |
| 13:09 | Encolar | Archer |
| 13:10 | Encolar | Villager (Male) |
| 13:11 | Encolar | Villager (Male) |
| 13:12 | Encolar | Villager (Male) |
| 13:13 | Construir | Farm |
| 13:22 | Encolar | Archer |
| 13:29 | Encolar | Villager (Male) |
| 13:32 | Construir | Farm |
| 13:35 | Encolar | Villager (Male) |
| 13:42 | Encolar | Villager (Male) |
| 13:52 | Encolar | Villager (Male) |
| 13:53 | Encolar | Archer |
| 14:07 | Encolar | Villager (Male) |
| 14:13 | Construir | Farm |
| 14:14 | Construir | House |
| 14:38 | Encolar | Villager (Male) |
| 14:38 | Encolar | Archer |
| 14:40 | Construir | Farm |
| 14:43 | Construir | Farm |
| 14:45 | Encolar | Archer |
| 14:50 | Construir | Farm |
| 14:53 | Construir | Farm |
| 15:02 | Construir | Farm |
| 15:13 | Encolar | Villager (Male) |
| 15:16 | Construir | Farm |
| 15:21 | Encolar | Archer |
| 15:47 | Investigar | Fletching |
| 15:50 | Encolar | Archer |
| 15:59 | Encolar | Villager (Male) |
| 16:03 | Construir | Market |
| 16:20 | Encolar | Villager (Male) |
| 16:48 | Encolar | Archer |
| 16:48 | Encolar | Archer |
| 16:52 | Encolar | Villager (Male) |
| 16:52 | Encolar | Villager (Male) |
| 16:55 | Construir | House |
| 16:56 | Construir | House |
| 17:01 | Encolar | Villager (Male) |
| 17:15 | Construir | Farm |
| 17:18 | Encolar | Villager (Male) |
| 17:26 | Encolar | Villager (Male) |
| 17:27 | Encolar | Archer |
| 17:27 | Encolar | Archer |
| 17:48 | Encolar | Villager (Male) |
| 17:49 | Encolar | Villager (Male) |
| 17:53 | Construir | House |
| 18:01 | Encolar | Archer |
| 18:03 | Encolar | Villager (Male) |
| 18:04 | Construir | Archery Range |
| 18:12 | Construir | House |
| 18:23 | Encolar | Villager (Male) |
| 18:24 | Encolar | Archer |
| 18:32 | Encolar | Villager (Male) |
| 18:44 | Encolar | Archer |
| 18:45 | Encolar | Villager (Male) |
| 18:49 | Construir | House |
| 19:23 | Encolar | Villager (Male) |
| 19:24 | Encolar | Archer |
| 19:24 | Encolar | Archer |
| 19:27 | Encolar | Villager (Male) |
| 19:35 | Investigar | Castle Age |
| 19:51 | Encolar | Archer |
| 19:57 | Encolar | Villager (Male) |
| 20:06 | Construir | Lumber Camp |
| 20:08 | Encolar | Archer |
| 20:18 | Construir | Watch Tower |
| 20:21 | Encolar | Villager (Male) |
| 20:48 | Encolar | Archer |
| 20:48 | Encolar | Archer |
| 21:01 | Construir | Mining Camp |
| 21:16 | Encolar | Archer |
| 21:16 | Encolar | Archer |
| 21:17 | Encolar | Villager (Male) |
| 21:18 | Encolar | Villager (Male) |
| 21:24 | Encolar | Villager (Male) |
| 21:25 | Encolar | Villager (Male) |
| 21:30 | Investigar | Padded Archer Armor |
| 21:36 | Encolar | Villager (Male) |
| 21:36 | Encolar | Villager (Male) |
| 21:44 | Encolar | Archer |
Cronología de la partida
| 5:19 | Marbas · first_building Barracks |
| 5:36 | DS_Prodan · first_building Barracks |
| 7:22 | DS_Prodan · wall_segment Palisade Wall x8 |
| 7:42 | DS_Prodan · wall_segment Palisade Wall x1 |
| 7:48 | DS_Prodan · wall_segment Palisade Wall x1 |
| 7:49 | DS_Prodan · wall_segment Palisade Wall x13 |
| 8:23 | DS_Prodan · wall_segment Palisade Wall x3 |
| 8:36 | DS_Prodan · wall_segment Palisade Wall x9 |
| 8:45 | DS_Prodan · wall_segment Palisade Wall x4 |
| 8:48 | DS_Prodan · wall_segment Palisade Wall x13 |
| 8:58 | DS_Prodan · age_up feudal |
| 9:25 | DS_Prodan · first_building Archery Range |
| 10:06 | DS_Prodan · wall_segment Palisade Wall x7 |
| 10:09 | Marbas · age_up feudal |
| 11:54 | Marbas · first_building Archery Range |
| 12:05 | Marbas · wall_segment Palisade Wall x7 |
| 13:39 | Marbas · wall_segment Palisade Wall x5 |
| 19:33 | DS_Prodan · first_market_buy 100 wood |
| 22:15 | DS_Prodan · age_up castle |
| 22:16 | DS_Prodan · wall_segment Stone Wall x1 |
| 25:03 | DS_Prodan · first_market_sell 500 stone |
| 25:04 | Marbas · age_up castle |
| 25:13 | Marbas · wall_segment Palisade Wall x5 |
| 25:25 | Marbas · first_market_buy 100 wood |
| 26:45 | Marbas · wall_segment Palisade Wall x1 |
| 27:27 | Marbas · first_market_sell 100 food |
| 28:48 | Marbas · resign |
[ ANÁLISIS IA · 1 CRÉDITO ]
¿Qué pasó realmente en esta partida?
Wolo.gg analiza cada decisión: build order, eco, micro, errores típicos por bracket. Análisis personalizado por WhatsApp o Discord en 30 segundos.
Guía civ
Godos
Perfil
Jugador #1322448